 Dungeon Crawl Stone Soup version 0.27-a0-40-g5f2be0e231 (webtiles) character file.

Game seed: 16439546991460842902

7527 rruziro the Cleaver (level 10, 0/89 (93) HPs)
             Began as a Minotaur Fighter on Jan 5, 2021.
             Was an Elder of Wu Jian.
             Slain by Urug
             ... wielding a +0 demon trident of electrocution
              (13 damage)
             ... on level 10 of the Dungeon.
             The game lasted 00:21:27 (9411 turns).

rruziro the Cleaver (Minotaur Fighter)              Turns: 9411, Time: 00:21:28

HP:   0/89 (93)     AC: 16    Str: 25    XL:     10   Next: 95%
MP:   0/9           EV:  5    Int:  5    God:    Wu Jian [****..]
Gold: 395           SH: 17    Dex:  9    Spells: 9/9 levels left

rFire    . . .     SeeInvis .   e - +1 broad axe (venom)
rCold    + . .     Faith    .   E - +0 tower shield
rNeg     . . .     Spirit   +   y - +1 plate armour of Valiance {Harm Slay+2 Stlth+}
rPois    .         Reflect  .   (helmet restricted)
rElec    .         Harm     +   (no cloak)
rCorr    .         Rampage  .   n - +0 pair of gloves
Will     .....     Rnd*Tele +   (no boots)
Stlth    ..........             i - amulet of guardian spirit
HPRegen  0.24/turn              D - ring of protection from cold
MPRegen  0.11/turn              F - ring of teleportation (curse)

@: marked, lightly drained
A: retaliatory headbutt, horns 2
a: Renounce Religion, Wall Jump, Serpent's Lash


You were on level 10 of the Dungeon.
You worshipped Wu Jian.
Wu Jian was greatly pleased with you.
You visited 2 branches of the dungeon, and saw 11 of its levels.
You also visited: Sewer.

You collected 570 gold pieces.
You spent 175 gold pieces at shops.

Inventory:

Hand Weapons
 e - a +1 broad axe of venom (weapon)
Armour
 n - a +0 pair of gloves (worn)
 y - the +1 plate armour of Valiance (worn) {Harm Slay+2 Stlth+}
   (You found it on level 9 of the Dungeon)

   It affects your accuracy and damage with ranged weapons and melee attacks
   (+2).
   It increases damage dealt and taken.
   It makes you more stealthy.
 E - a +0 tower shield (worn)
Jewellery
 i - an amulet of guardian spirit (around neck)
 p - an uncursed ring of ice
 D - a ring of protection from cold (left hand)
 F - a cursed ring of teleportation (right hand)
Wands
 j - a wand of enslavement (1)
 l - a wand of iceblast (10)
 m - a wand of random effects (41)
 o - a wand of digging (3)
 q - a wand of polymorph (10)
 t - a wand of flame (30)
 u - a wand of paralysis (9)
Scrolls
 a - a scroll of fear
 b - 2 scrolls of teleportation
 d - 2 scrolls of enchant armour
 k - 3 scrolls of enchant weapon
 r - 14 scrolls of identify
 s - a scroll of blinking
 v - 3 scrolls of amnesia
 w - a scroll of fog
 C - 3 scrolls of remove curse
 G - a scroll of magic mapping
Potions
 c - a potion of brilliance {unknown}
 f - a potion of attraction
 g - a potion of haste
 h - 5 potions of heal wounds
 x - 4 potions of might
 z - 7 potions of curing
 A - 2 potions of flight
 B - a potion of magic


   Skills:
 * Level 9.9 Fighting
 * Level 14.0 Axes
 + Level 8.1 Armour
 + Level 2.6 Dodging
 - Level 0.3 Stealth
 + Level 8.1 Shields


You had 9 spell levels left.
You didn't know any spells.
Your spell library contained the following spells:

 Spells                   Type           Power        Failure   Level
 Animate Skeleton         Necr           0%           100%        1
 Apportation              Tloc           0%           100%        1
 Corona                   Hex            0%           100%        1
 Summon Small Mammal      Summ           0%           100%        1
 Ensorcelled Hibernation  Hex/Ice        0%           100%        2
 Confusing Touch          Hex            0%           100%        3
 Dazzling Flash           Conj/Hex       0%           100%        3
 Tukima's Dance           Hex            0%           100%        3
 Leda's Liquefaction      Hex/Erth       0%           100%        4
 Bolt of Magma            Conj/Fire/Erth 0%           100%        5
 Iron Shot                Conj/Erth      0%           100%        6
 Statue Form              Tmut/Erth      0%           100%        6
 Shatter                  Erth           0%           100%        9


Dungeon Overview and Level Annotations

Branches:
Dungeon (10/15)            Temple (1/1) D:4            Lair (0/6) D:8
  Sewer (visited)
    Orc: D:9-12

Altars:
Ashenzari
Cheibriados
Dithmenos
Elyvilon
Fedhas
Gozag
Hepliaklqana
Kikubaaqudgha
Makhleb
Nemelex Xobeh
Okawaru
Qazlal
Ru
Sif Muna
Trog
Uskayaw
Vehumet
Wu Jian
Xom
Yredelemnul
Zin
The Shining One

Shops:
D:5 ([   D:8 *

Annotations:
D:6 2 transporters
D:10 Urug


Innate Abilities, Weirdness & Mutations

You reflexively headbutt those who attack you in melee.
You have a pair of horns on your head.


Message History

Urug throws a silver javelin.
The silver javelin pierces through you! You block the wight's attack.
Unknown command.
You spin to attack the wight, but your attack speed is too slow for a blow to land.
Urug hits you from afar with a +0 demon trident of electrocution!!
You block the wight's attack. The wight hits you but does no damage.
The wight hits you but does no damage. Urug hits you but does no damage.
The wight hits you but does no damage.
You slash Urug! You headbutt Urug!
Urug is moderately wounded.
You barely miss the wight.
Your shield and plate armour of Valiance prevent you from hitting the wight.
The wight hits you with a +5 battleaxe!
You feel drained.
The wight hits you from afar with a +0 spear.
* * * LOW HITPOINT WARNING * * *
You feel drained.
Urug hits you with a +0 demon trident of electrocution!
* * * LOW HITPOINT WARNING * * *
You are electrocuted!
You die...

...######..#
.........[.#
........)(.#
........).(#
.......[).#####
###............
#.z..........
#........####
#@z......#
#oz...?..#
#S5####### ...#
....# ..#### ..
..


You could see Urug, a water moccasin, 3 wights and a quasit.

Vanquished Creatures
  Gastronok (D:9)
  A two-headed ogre (D:9)
  Maurice (D:9)
  Grinder (D:5)
  A vampire (D:9)
  4 yaks (D:9)
  A wyvern (D:9)
  Edmund (D:6)
  An ice beast (D:7)
  A phantom (D:6)
  A black bear (D:8)
  A sky beast (D:8)
  A necrophage (D:8)
  4 orc warriors
  A centaur (D:7)
  4 ogres
  A big kobold (Sewer)
  Blork the orc (D:5)
  5 bullfrogs
  A wyvern zombie (D:9)
  4 scorpions
  5 killer bees (D:7)
  4 wights (D:9)
  2 howler monkeys
  A quasit (D:7)
  2 bullfrog skeletons
  A centaur skeleton (D:6)
  A jelly (D:9)
  3 orc priests
  2 hounds
  A gnoll shaman (D:4)
  An iguana (D:4)
  Ijyb (D:3)
  Terence (D:3)
  6 worker ants
  9 orc wizards
  A hound zombie (D:9)
  A worker ant zombie (D:8)
  8 adders
  14 gnolls
  4 river rats (Sewer)
  2 shadow imps
  A white imp (D:9)
  An ooze (D:3)
  An adder skeleton (D:6)
  2 worms
  3 dart slugs
  8 leopard geckos
  38 orcs
  7 giant cockroaches
  5 goblins
  2 hobgoblins
  6 jackals
  3 quokkas
  4 ball pythons
  6 bats
  9 frilled lizards
  24 kobolds
  A quokka zombie (D:7)
  23 rats
251 creatures vanquished.

Vanquished Creatures (others)
  29 plants
29 creatures vanquished.

Grand Total: 280 creatures vanquished

Notes
Turn   | Place    | Note
-------+----------+-------------------------------------------
     0 | D:1      | rruziro the Minotaur Fighter began the quest for the Orb.
     0 | D:1      | Reached XP level 1. HP: 19/19 MP: 0/0
   452 | D:1      | Reached XP level 2. HP: 27/27 MP: 1/1
   981 | D:2      | Reached XP level 3. HP: 33/33 MP: 2/2
  1633 | D:3      | Noticed Terence
  1640 | D:3      | Noticed Ijyb
  1648 | D:3      | Killed Terence
  1649 | D:3      | Reached skill level 3 in Axes
  1649 | D:3      | Reached XP level 4. HP: 41/41 MP: 3/3
  1656 | D:3      | Killed Ijyb
  1876 | D:3      | Found a faded altar of an unknown god.
  2314 | D:4      | Noticed an ogre
  2327 | D:4      | Killed an ogre
  2328 | D:4      | Reached skill level 4 in Axes
  2328 | D:4      | Reached XP level 5. HP: 14/47 MP: 4/4
  2333 | D:4      | Reached skill level 1 in Dodging
  2656 | D:4      | Reached skill level 5 in Shields
  2656 | D:4      | Reached XP level 6. HP: 55/55 MP: 5/5
  2670 | D:4      | Reached skill level 5 in Axes
  2672 | D:4      | Reached skill level 5 in Fighting
  2983 | D:4      | Found a staircase to the Ecumenical Temple.
  3457 | D:4      | Reached skill level 6 in Axes
  3457 | D:4      | Reached XP level 7. HP: 61/61 MP: 6/6
  3536 | D:4      | Reached skill level 5 in Armour
  3713 | Temple   | Entered the Ecumenical Temple
  3795 | Temple   | Became a worshipper of the Wu Jian Council
  3816 | D:4      | Found a shimmering altar of Xom.
  3984 | D:5      | Entered Level 5 of the Dungeon
  3984 | D:5      | Noticed Grinder
  3984 | D:5      | Noticed Blork the orc
  3997 | D:5      | Killed Grinder
  3998 | D:5      | Reached skill level 7 in Axes
  4013 | D:5      | Killed Blork the orc
  4239 | D:5      | Found a glowing golden altar of the Shining One.
  4302 | D:5      | Reached XP level 8. HP: 70/70 MP: 7/7
  4323 | D:5      | Found a glowing drain.
  4331 | Sewer    | Entered a sewer
  4418 | Sewer    | Reached * piety under Wu Jian
  4420 | Sewer    | Reached skill level 8 in Axes
  4673 | Sewer    | Reached ** piety under Wu Jian
  5066 | D:5      | Reached skill level 9 in Axes
  5166 | D:5      | Found Xeorgheg's Antique Armour Boutique.
  5253 | D:5      | Found Ikefo's Antique Weapon Shop.
  5261 | D:5      | Bought a glowing broad axe for 175 gold pieces
  5772 | D:6      | Noticed a kobold demonologist
  5775 | D:6      | Found a transporter.
  5775 | D:6      | Noticed a kobold demonologist
  5869 | D:6      | Noticed Edmund
  5873 | D:6      | Found a transporter.
  5873 | D:6      | Found a sparkling altar of Nemelex Xobeh.
  5881 | D:6      | Killed Edmund
  5882 | D:6      | Reached skill level 10 in Axes
  5938 | D:6      | Reached XP level 9. HP: 79/79 MP: 8/8
  6159 | D:7      | Reached *** piety under Wu Jian
  6616 | D:7      | You fall into a shaft and drop 2 floors!
  6616 | D:9      | Noticed Maurice
  6637 | D:9      | Killed Maurice
  6638 | D:9      | Reached skill level 11 in Axes
  6642 | D:9      | Got an opal-encrusted plate armour
  6748 | D:8      | Found a staircase to the Lair.
  6868 | D:7      | Identified the cursed +1 plate armour of Valiance {Harm
                  | Slay+2 Stlth+} (You found it on level 9 of the Dungeon)
  6932 | D:7      | Found a sacrificial altar of Ru.
  7791 | D:8      | Found Hukogut's Assorted Antiques.
  7948 | D:8      | Found a glowing golden altar of the Shining One.
  7948 | D:8      | Found a radiant altar of Vehumet.
  7949 | D:8      | Found a white marble altar of Elyvilon.
  7953 | D:8      | Found an iron altar of Okawaru.
  8085 | D:9      | Reached skill level 12 in Axes
  8164 | D:9      | Reached XP level 10. HP: 78/90 MP: 6/9
  8507 | D:9      | Noticed Gastronok
  8517 | D:9      | Killed Gastronok
  8518 | D:9      | Reached skill level 13 in Axes
  8605 | D:9      | Found a blossoming altar of Fedhas.
  8687 | D:9      | Reached **** piety under Wu Jian
  8781 | D:9      | Noticed a two-headed ogre
  8789 | D:9      | Killed a two-headed ogre
  8790 | D:9      | Reached skill level 14 in Axes
  9025 | D:9      | Found an opulent altar of Gozag.
  9398 | D:10     | Entered Level 10 of the Dungeon
  9405 | D:10     | Noticed Urug
  9411 | D:10     | Slain by Urug

Illustrated notes

Levels and vault maps discovered:
D:1:      mrwooster_arrival_statue, layout_rooms, serial_bayou,
          serial_bayou_lake_a, serial_bayou_shore_a, serial_bayou_pond_d,
          serial_bayou_crossing
D:2:      kennysheep_big_flooded_room, layout_loops_ring
D:3:      layout_loops_cross, chequers_ecumenical_altar_simple, uniq_ijyb,
          uniq_terence
D:4:      layout_loops_corners, general_overflow_altar, minmay_temple_entry_grid
D:5:      layout_basic, serial_bayou, serial_bayou_shore_b, serial_bayou_ford_a,
          serial_bayou_pond_b, serial_bayou_pond_c, gup_sewer_entry_pipe,
          serial_shops, nicolae_shop_crystal, nicolae_shop_overgrown_old_shop,
          tso_metal_star, uniq_grinder, uniq_blork_the_orc
D:6:      gammafunk_wand_slinger, layout_cave_pools, basic_altar, uniq_edmund
D:7:      layout_basic, nicolae_ru_sacrificial_ziggurat, serial_rivers,
          chequers_serial_rivers_marsh, chequers_serial_rivers_large_b,
          chequers_serial_rivers_room_b, chequers_serial_rivers_marsh,
          chequers_serial_rivers_small_a, chequers_serial_rivers_small_b
D:8:      layout_basic, minitemple, dpeg_oklobed_lair, serial_corexii_hall,
          corexii_hall_statues_t, corexii_hall_statues_l, serial_shops,
          nicolae_shop_overgrown_old_shop
D:9:      layout_basic, nicolae_overflow_hidden_temple, fedhas_altar_4,
          uniq_gastronok, uniq_maurice
D:10:     layout_irregular_city, serial_shops, nicolae_shop_waterfront,
          uniq_urug
Temple:   eino_temple_lava

Skill      XL: |  1  2  3  4  5  6  7  8  9 10 |
---------------+-------------------------------+-----
Shields        | 4 5 6 7 8 |  8.1
Fighting       | 4 5 6 7 8 9 |  9.9
Armour         | 4 5 6 7 8 |  8.1
Axes           | 3 4 6 7 10 12 14 | 14.0
Dodging        | 1 2 |  2.6
Stealth        | |  0.3

Action                   |  1- 3 |  4- 6 |  7- 9 | 10-12 || total
-------------------------+-------+-------+-------+-------++-------
Melee: War axe           |    64 |   138 |   191 |       ||   393
       Headbutt          |     6 |    22 |    60 |    18 ||   106
       Broad axe         |       |       |   195 |    66 ||   261
Invok: Lunge             |       |       |    29 |     5 ||    34
       Whirlwind         |       |       |    24 |     6 ||    30
  Use: Potion            |     5 |     4 |     4 |       ||    13
       Scroll            |     2 |     2 |    11 |       ||    15
Armor: Scale mail        |    26 |    51 |    48 |       ||   125
       Skin              |     7 |     9 |       |       ||    16
       Chain mail        |       |       |    83 |       ||    83
       Plate armour      |       |       |    23 |    28 ||    51
Dodge: Dodged            |    15 |    46 |    72 |    10 ||   143
Block: Kite shield       |    30 |    79 |   163 |       ||   272
       Tower shield      |       |       |    29 |    48 ||    77

Table legend: (Time is in decaauts)
 A = Elapsed time spent in this place.
 B = Non-inter-level travel time spent in this place.
 C = Inter-level travel time spent in this place.
 D = Time resting spent in this place.
 E = Time spent auto-exploring this place.
 F = Levels seen in this place.
 G = Mean time per level.
                   A        B        C        D        E       F      G
               +--------+--------+--------+--------+--------+-----+--------+
         Total |   9727 |   9431 |    296 |      0 |   7517 |  12 |  810.6 |
       Dungeon |   9188 |   8900 |    288 |      0 |   7188 |  10 |  918.8 |
        Temple |     91 |     83 |      8 |      0 |     56 |   1 |   91.0 |
         Sewer |    446 |    446 |      0 |      0 |    272 |   1 |  446.0 |
               +--------+--------+--------+--------+--------+-----+--------+

Top non-repeatable levels by time:
     D:4: 1650 daAuts
     D:9: 1489 daAuts
     D:5: 1178 daAuts
     D:7: 1029 daAuts
     D:8: 834 daAuts
     D:2: 826 daAuts
     D:3: 794 daAuts
     D:1: 772 daAuts
     D:6: 601 daAuts
   Sewer: 446 daAuts
  Temple: 91 daAuts
    D:10: 13 daAuts
